 Dungeon Crawl Stone Soup version 0.29.1-2-gbd0b4ee654 (webtiles) character file.

Game seed: 10584397138296094905

663 GigaChad the Covered (level 7, 0/61 HPs)
             Began as a Minotaur Fighter on Nov 22, 2022.
             Was an Initiate of Yredelemnul.
             Succumbed to a water moccasin's poison
             ... on level 5 of the Dungeon.
             The game lasted 00:14:16 (4512 turns).

GigaChad the Covered (Minotaur Fighter)             Turns: 4512, Time: 00:14:17

Health: 0/61       AC: 11    Str: 22    XL:     7   Next: 31%
Magic:  6/6        EV:  7    Int:  5    God:    Yredelemnul [......]
Gold:   233        SH:  6    Dex: 10    Spells: 6/6 levels left

rFire   . . .      SeeInvis .   w - +0 scimitar
rCold   . . .      Faith    .   c - +1 buckler
rNeg    . . .      Spirit   .   g - +0 chain mail
rPois   .          Reflect  .   (helmet restricted)
rElec   .          Harm     .   y - +0 cloak
rCorr   .          Rampage  .   (no gloves)
Will    .....                   (no boots)
Stlth   ..........              (no amulet)
HPRegen 0.20/turn               (no ring)
MPRegen 0.10/turn               (no ring)

@: lethally poisoned (0 -> -26)
A: horns 2, retaliatory headbutt
a: Renounce Religion, Recall Undead Harvest


You were on level 5 of the Dungeon.
You worshipped Yredelemnul.
Yredelemnul was noncommittal.
You visited 1 branch of the dungeon, and saw 5 of its levels.

You collected 233 gold pieces.

Inventory:

Hand Weapons
 a - a +0 war axe
 f - a +0 vorpal hand axe
 w - a +0 scimitar (weapon)
 x - a +3 quarterstaff of chaos
 z - a +3 spear
Armour
 b - a +0 scale mail
 c - a +1 buckler (worn)
 g - a +0 chain mail (worn)
 s - the +1 leather armour of Cowardice {-Tele +Inv Dex+4}
   (You found it on level 4 of the Dungeon)

   Dex:       It affects your dexterity (+4).
   +Inv:      It lets you turn invisible.
   -Tele:     It prevents most forms of teleportation.
 t - an orb of mayhem
 y - a +0 cloak (worn)
Jewellery
 u - an amulet of magic regeneration
 A - a ring of magical power
Scrolls
 h - 3 scrolls of teleportation
 j - 3 scrolls of identify
 r - a scroll of fear {unknown}
Potions
 d - a potion of might
 e - 3 potions of ambrosia {unknown}
 i - 5 potions of heal wounds {unknown}
 k - a potion of cancellation {unknown}
 l - a potion of flight {unknown}
 m - 3 potions of degeneration {unknown}
 n - 3 potions of brilliance {unknown}
 o - a potion of lignification {unknown}
 p - 3 potions of curing {unknown}
 v - a potion of resistance {unknown}
Miscellaneous
 q - a phial of floods


   Skills:
 + Level 5.2 Fighting
 + Level 6.1 Axes
 + Level 6.2 Armour
 * Level 5.6 Shields


You had 6 spell levels left.
You didn't know any spells.
Your spell library contained the following spells:

 Spells                   Type           Power      Damage    Failure   Level
 Necrotise                Necr           0%         1d4       99%         1
 Sublimation of Blood     Necr           0%         N/A       100%        2
 Wereblood                Tmut           0%         N/A       100%        2
 Vampiric Draining        Necr           0%         2d6       100%        3
 Agony                    Necr           0%         N/A       100%        5
 Blade Hands              Tmut           0%         N/A       100%        5
 Silence                  Hex/Air        0%         N/A       100%        5
 Summon Hydra             Summ           0%         N/A       100%        7
 Necromutation            Tmut/Necr      0%         N/A       100%        8


Dungeon Overview and Level Annotations

Branches:
Dungeon (5/15)
 Temple: D:4-7

Altars:
Cheibriados
Fedhas
Makhleb
Qazlal
Yredelemnul


Innate Abilities, Weirdness & Mutations

You have a pair of horns on your head.
You reflexively headbutt those who attack you in melee.


Message History

You barely miss the water moccasin.
Your headbutt misses the water moccasin.
The water moccasin is heavily wounded.
You feel sick.
You are no longer poisoned.
The water moccasin barely misses you.
Your scorpion zombie hits the water moccasin.
The water moccasin bites you.
Your scorpion zombie misses the water moccasin.
You completely miss the water moccasin.
The water moccasin is heavily wounded.
The water moccasin bites you!
You are poisoned.
The water moccasin poisons you!
Your scorpion zombie hits the water moccasin.
The water moccasin bites you.
You are more poisoned.
The water moccasin poisons you!
You closely miss the water moccasin.
The water moccasin is heavily wounded.
You feel extremely sick. You block the water moccasin's attack.
Your scorpion zombie closely misses the water moccasin.
You block the water moccasin's attack.
Your scorpion zombie closely misses the water moccasin.
You hit the water moccasin.
Your headbutt misses the water moccasin.
The water moccasin is severely wounded.
You feel very sick. The water moccasin bites you!
* * * LOW HITPOINT WARNING * * *
You are more poisoned.
The water moccasin poisons you!
Your scorpion zombie hits the water moccasin.
The water moccasin bites your scorpion zombie but does no damage.
You closely miss the water moccasin.
Your headbutt misses the water moccasin.
The water moccasin is severely wounded.
You die...
Your body rises from the dead as a mindless zombie.

# #.#####
#.#...# #
#...S@# #
###.Z.# #
##.## # #.# #
#.# # #.# #
#.# . # #.# #
###.#.##.#####


You could see a water moccasin (ally target) and a friendly scorpion zombie.

Vanquished Creatures
  The ghost of superradish the Covert, an amateur OpBr (D:3)
  2 scorpions
  A hound (D:5)
  An orc priest (D:4)
  An iron imp (D:4)
  Crazy Yiuf (D:4)
  2 iguanas (D:4)
  A hound zombie (D:3)
  Robin (D:3)
  5 gnolls
  4 adders
  An adder zombie (D:3)
  3 worms
  3 dart slugs
  5 orcs
  A bat skeleton (D:2)
  6 endoplasms
  4 giant cockroaches
  7 hobgoblins
  2 jackals (D:4)
  5 kobolds
  3 quokkas
  5 ball pythons
  7 bats
  A frilled lizard (D:1)
  12 goblins
  5 rats
90 creatures vanquished.

Vanquished Creatures (collateral kills)
  A hound (D:5)
  An adder (D:4)
  An orc (D:4)
  4 endoplasms
  2 goblins
  2 hobgoblins
  2 kobolds (D:3)
  2 rats
15 creatures vanquished.

Vanquished Creatures (others)
  3 adder zombies (D:4)
  An iguana zombie (D:4)
  4 bat zombies
  A gnoll zombie (D:2)
  2 ball python zombies
  A dart slug zombie (D:4)
  2 endoplasm zombies (D:2)
  A giant cockroach zombie (D:2)
  2 goblin zombies
  2 hobgoblin zombies (D:4)
  A jackal zombie (D:4)
  4 kobold zombies
  5 orc zombies
  3 fungi (D:4)
  2 plants (D:1)
  6 withered plants (D:2)
40 creatures vanquished.

Grand Total: 145 creatures vanquished

Notes
Turn   | Place    | Note
-------+----------+-------------------------------------------
     0 | D:1      | GigaChad the Minotaur Fighter began the quest for the Orb.
     0 | D:1      | Reached XP level 1. HP: 19/19 MP: 0/0
   130 | D:1      | Reached XP level 2. HP: 27/27 MP: 1/1
   369 | D:1      | Reached XP level 3. HP: 33/33 MP: 2/2
   858 | D:1      | Found a faded altar of an unknown god.
   870 | D:1      | Prayed at the altar of an unknown god.
   870 | D:1      | Became a worshipper of Yredelemnul the Dark
  1431 | D:2      | Reached * piety under Yredelemnul
  1686 | D:2      | Reached XP level 4. HP: 34/40 MP: 3/3
  2062 | D:3      | Noticed Robin
  2081 | D:3      | Killed Robin
  2112 | D:3      | Reached XP level 5. HP: 17/47 MP: 4/4
  2392 | D:3      | Found a burning altar of Makhleb.
  2397 | D:3      | Found a blossoming altar of Fedhas.
  2449 | D:3      | Found a runed translucent gate.
  2449 | D:3      | Found a runed translucent gate.
  2449 | D:3      | Found a runed translucent gate.
  2449 | D:3      | Noticed superradish's ghost (amateur OpBr)
  2451 | D:3      | Found a basalt altar of Yredelemnul.
  2474 | D:3      | Killed superradish's ghost
  2475 | D:3      | Reached skill level 5 in Armour
  2475 | D:3      | Reached XP level 6. HP: 52/55 MP: 5/5
  2512 | D:3      | Reached skill level 5 in Axes
  2520 | D:3      | Reached ** piety under Yredelemnul
  2568 | D:3      | Got the Writings on Electric Shapeshifting
  2936 | D:4      | Reached skill level 5 in Shields
  2947 | D:4      | Identified the +1 leather armour of Cowardice {-Tele +Inv
                  | Dex+4}
  3101 | D:4      | Reached *** piety under Yredelemnul
  3203 | D:4      | Found a snail-covered altar of Cheibriados.
  3210 | D:4      | Reached skill level 5 in Fighting
  3495 | D:4      | Found a runed translucent door.
  3496 | D:4      | Noticed Crazy Yiuf
  3559 | D:4      | Killed Crazy Yiuf
  3621 | D:4      | Reached XP level 7. HP: 44/61 MP: 6/6
  3803 | D:5      | Entered Level 5 of the Dungeon
  4066 | D:4      | Found a stormy altar of Qazlal.
  4512 | D:5      | Succumbed to a water moccasin's poison

Illustrated notes

Levels and vault maps discovered:
D:1:      grunt_arrival_crossed_arrows, layout_loops_cross,
          shapermc_ecumenical_altar_acropolis, minivault_25
D:2:      layout_loops_corners, serial_undead, serial_undead_e, serial_undead_e,
          serial_undead_c, serial_undead_d, dk_noncrumbling_4,
          kennysheep_generic_room_7
D:3:      layout_rooms, nicolae_yredelemnul_ghost_church, fedhas_altar_2,
          bloody_makhleb, serial_corexii_hall, corexii_hall_statues_l,
          chequers_hall_statues_corner_a, corexii_hall_statues_i, uniq_robin
D:4:      layout_loops_ring, slow_altar_2, kennysheep_mini_moat,
          uniq_crazy_yiuf_cottage
D:5:      layout_loops_ring, tgw_sif, uniq_blork_the_orc

Skill      XL: |  1  2  3  4  5  6  7 |
---------------+----------------------+-----
Fighting       | 4 5 |  5.2
Armour         | 4 5 6 |  6.2
Shields        | 4 5 |  5.6
Axes           | 3 4 5 6 |  6.1

Action                   |  1- 3 |  4- 6 |  7- 9 || total
-------------------------+-------+-------+-------++-------
Melee: War axe           |    65 |    79 |       ||   144
       Headbutt          |    10 |    21 |     2 ||    33
       Scimitar          |       |    37 |    30 ||    67
  Use: Scroll            |     4 |     3 |       ||     7
 Stab: Distracted        |       |     1 |       ||     1
Armor: Scale mail        |     9 |       |       ||     9
       Chain mail        |    46 |    78 |    16 ||   140
Dodge: Dodged            |    34 |    41 |    13 ||    88
Block: Buckler           |    29 |    25 |     8 ||    62
